 Seeded DCSS version 0.29-a0-575-g0dc89cf053 (webtiles) character file.

Game seed: 31415926535 (custom seed)

6361 donath the Cleaver (level 10, -3/71 HPs)
             Began as a Demonspawn Delver on June 12, 2022.
             Was a Believer of Hepliaklqana.
             Slain by an 11-headed hydra (8 damage)
             ... on level 9 of the Dungeon on June 13, 2022.
             The game lasted 02:09:08 (9896 turns).

donath the Cleaver (Demonspawn Delver)              Turns: 9896, Time: 02:09:08

Health: -3/71      AC:  9    Str: 14    XL:     10   Next: 65%
Magic:  10/15      EV: 15    Int: 15    God:    Hepliaklqana [**....]
Gold:   183        SH:  5    Dex: 14    Spells: 10/16 levels left

rFire   . . .      SeeInvis +   a - +5 battleaxe (vamp)
rCold   + . .      Faith    .   (shield currently unavailable)
rNeg    + . .      Spirit   .   E - +2 leather armour {rC+}
rPois   +          Reflect  +   (helmet unavailable)
rElec   .          Harm     .   Y - +0 cloak
rCorr   .          Rampage  +   B - +0 pair of gloves
Will    .....                   z - +1 pair of boots {rampage}
Stlth   +++.......              D - amulet of reflection
HPRegen 0.21/turn               O - ring "Evirhot" {rPois rN+}
MPRegen 0.14/turn               (no ring)

@: no status effects
A: reduced essence, antennae 3, repulsion field 1, foul stench 2, demonic magic
1, poison resistance, sturdy frame 1
a: Renounce Religion, Recall Ancestor, Ancestor Identity


You were on level 9 of the Dungeon.
You worshipped Hepliaklqana.
Hepliaklqana was pleased with you.
You visited 2 branches of the dungeon, and saw 10 of its levels.
You also visited: Sewer and Ossuary.

You collected 1104 gold pieces.
You spent 921 gold pieces at shops.

Inventory:

Hand Weapons
 a - a +5 vampiric battleaxe (weapon)
 b - a +0 hunting sling
 m - a +2 spear of flaming
 C - a +2 short sword of draining
 L - a +0 rapier
 X - a +2 quarterstaff of chaos
Missiles
 n - 236 stones (quivered)
 p - 2 throwing nets
 y - 33 poisoned darts
 I - 3 boomerangs
Armour
 j - a +2 robe of resistance
 z - a +1 pair of boots of rampaging (worn)
 B - a +0 pair of gloves (worn)
 E - a +2 leather armour of cold resistance (worn)
 Y - a +0 cloak (worn)
Magical Staves
 s - a staff of earth
Jewellery
 D - an amulet of reflection (around neck)
 O - the ring "Evirhot" (left hand) {rPois rN+}
   (You found it on level 3 of the Dungeon)

   [ring of poison resistance]

   rPois:     It protects you from poison.
   rN:        It protects you from negative energy.
Wands
 g - a wand of digging (2)
 k - a wand of charming (4)
 q - a wand of flame (44)
 A - a wand of iceblast (10)
 J - a wand of paralysis (13)
 U - a wand of polymorph (9)
Scrolls
 c - 3 scrolls of fog
 d - a scroll of magic mapping
 e - 4 scrolls of fear
 h - 8 scrolls of teleportation
 t - 2 scrolls of blinking
 w - a scroll of summoning
 x - 2 scrolls of poison
 T - a scroll of vulnerability
 V - a scroll of enchant armour
 W - a scroll of immolation
Potions
 f - 4 potions of haste
 i - 2 potions of lignification
 l - 6 potions of curing
 o - a potion of ambrosia
 r - 2 potions of magic
 u - 4 potions of invisibility
 K - 4 potions of flight
 M - 3 potions of might
Miscellaneous
 v - a piece from Xom's chessboard (14/15)


   Skills:
 - Level 7.1 Fighting
 - Level 2.0(2.1) Short Blades
 - Level 1.0(1.5) Long Blades
 - Level 9.6 Axes
 - Level 0.2(0.6) Slings
 - Level 1.0 Throwing
 - Level 1.0 Armour
 - Level 4.0 Dodging
 - Level 4.5 Stealth
 - Level 1.1 Shields
 + Level 3.9 Spellcasting
 + Level 3.7 Conjurations
 - Level 3.0 Summonings
 - Level 2.5 Transmutations
 - Level 1.3 Fire Magic
 - Level 0.1 Ice Magic
 * Level 1.0 Air Magic
 * Level 2.0 Poison Magic
 - Level 4.0 Evocations


You had 10 spell levels left.
You knew the following spells:

 Your Spells              Type           Power      Damage    Failure   Level
a - Magic Dart            Conj           56%        1d5       4%          1
b - Call Imp              Summ           11%        N/A       9%          2
c - Mephitic Cloud        Conj/Pois/Air  9%         N/A       22%         3

Your spell library contained the following spells:

 Spells                   Type           Power      Damage    Failure   Level
 Portal Projectile        Hex/Tloc       6%         N/A       50%         3
 Tukima's Dance           Hex            3%         N/A       50%         3
 Petrify                  Tmut/Erth      6%         N/A       73%         4
 Corpse Rot               Necr/Pois/Air  6%         N/A       77%         4
 Dispel Undead            Necr           3%         3d7       88%         4
 Blade Hands              Tmut           5%         N/A       88%         5
 Metabolic Englaciation   Hex/Ice        1%         N/A       99%         5
 Death Channel            Necr           1%         N/A       100%        6
 Statue Form              Tmut/Erth      4%         N/A       100%        6


Dungeon Overview and Level Annotations

Branches:
Dungeon (9/15)             Temple (1/1) D:7           Sewer (visited)
Ossuary (visited)
   Lair: D:8-11         Orc: D:9-12

Altars:
Ashenzari
Cheibriados
Dithmenos
Elyvilon
Fedhas
Gozag
Hepliaklqana
Kikubaaqudgha
Makhleb
Nemelex Xobeh
Okawaru
Qazlal
Ru
Sif Muna
Trog
Uskayaw
Vehumet
Wu Jian
Xom
Yredelemnul
Zin
The Shining One
Jiyva

Shops:
D:1 !   D:6 *?([[


Innate Abilities, Weirdness & Mutations

Your life essence is reduced to manifest your ancestor. (-10% HP)
You have a pair of large antennae on your head. (SInv)
You are surrounded by a mild repulsion field. (EV +2)
You sometimes emit foul miasma when damaged in melee.
Spells you cast may paralyse adjacent enemies.
Your system is resistant to poisons. (rPois)
Your movements are slightly less encumbered by armour. (ER -2)


Message History

The nine-headed hydra bites you. x2; The nine-headed hydra bites you!
The nine-headed hydra bites you but does no damage.
The nine-headed hydra misses you.
You block the nine-headed hydra's attack.
Your crimson imp blinks!
You lop one of the nine-headed hydra's heads off!
The eight-headed hydra grows two more!
You slice the ten-headed hydra!!
The ten-headed hydra is severely wounded.
The ten-headed hydra misses you.
The ten-headed hydra bites you but does no damage.
The ten-headed hydra bites you.
The ten-headed hydra bites you but does no damage. x2
You block the ten-headed hydra's attack.
The ten-headed hydra bites you. The ten-headed hydra bites you!
The ten-headed hydra bites you but does no damage.
The ten-headed hydra closely misses you.
You chop one of the ten-headed hydra's heads off!
The nine-headed hydra grows two more!
You slash the 11-headed hydra!
You feel better.
The 11-headed hydra is severely wounded.
Your crimson imp disappears in a puff of smoke!
You block the 11-headed hydra's attack. The 11-headed hydra bites you.
The 11-headed hydra bites you!
You emit a cloud of foul miasma!
The 11-headed hydra closely misses you.
The 11-headed hydra bites you but does no damage.
You block the 11-headed hydra's attack. The 11-headed hydra barely misses you.
The 11-headed hydra bites you!
* * * LOW HITPOINT WARNING * * *
The 11-headed hydra bites you.
* * * LOW HITPOINT WARNING * * *
The 11-headed hydra misses you. You block the 11-headed hydra's attack.
The 11-headed hydra is engulfed in dark miasma.
The 11-headed hydra is poisoned.
The 11-headed hydra closely misses you.
The 11-headed hydra completely misses you.
The 11-headed hydra barely misses you. The 11-headed hydra bites you.
* * * LOW HITPOINT WARNING * * *
The 11-headed hydra bites you.
* * * LOW HITPOINT WARNING * * *
The 11-headed hydra bites you!
You die...

. ###########
!...###.........#
...ยง..D@###.....########
##......# #.>...'.......
#......# #.....##.#.###
#......# #.....##.#
#......# ########.#
#......# #.#####
##+#+#.## #...... #.#.
#..###. . #. #..#...


You could see a 11-headed hydra (poisoned, drained).

Vanquished Creatures
  A two-headed ogre (D:9)
  The ghost of Wiilli the Nimble, a novice SpVM of Vehumet (D:8)
  A deep elf pyromancer (D:8)
  A hornet (shapeshifter) (D:8)
  A slime creature (D:8)
  A human (D:3)
  A steam dragon (D:6)
  A vampire mosquito (D:8)
  A water moccasin (D:4)
  2 black bears (D:5)
  4 ogres
  A centaur (D:6)
  A phantom (D:5)
  A kobold brigand (D:7)
  A gnoll sergeant (D:8)
  2 scorpions
  7 bullfrogs
  2 water moccasin zombies (Ossuary)
  3 wights (D:8)
  5 killer bees
  2 hounds
  6 jellies
  2 orc priests (D:4)
  A hexer (D:9)
  3 iguanas
  3 orc wizards
  Natasha (thrice) (D:2)
  5 gnolls
  9 adders
  2 river rats (Sewer)
  2 shadow imps
  2 white imps
  An ufetubus (D:5)
  8 adder zombies (Ossuary)
  2 worms
  A dart slug (D:5)
  7 orcs
  12 ball pythons
  6 bats
  12 endoplasms
  8 giant cockroaches
  6 goblins
  A hobgoblin (D:1)
  3 quokkas
  3 frilled lizards
  5 gnoll zombies (Ossuary)
  5 hobgoblin zombies (Ossuary)
  10 kobolds
  2 kobold zombies (Ossuary)
  2 orc zombies (Ossuary)
  7 rats
  A spectral orc (D:6)
180 creatures vanquished.

Vanquished Creatures (collateral kills)
  A hornet (D:7)
  A slime creature (D:8)
  A vampire mosquito (D:8)
  A water moccasin zombie (Ossuary)
  2 wights (D:8)
  6 killer bees
  5 jellies
  Crazy Yiuf (D:2)
  An iguana (D:6)
  2 mummies (Ossuary)
  A gnoll (D:8)
  A river rat (Sewer)
  An adder (Sewer)
  5 worms
  3 dart slugs
  7 endoplasms
  3 giant cockroaches (Sewer)
  A gnoll zombie (Ossuary)
  2 hobgoblins
  2 quokkas
  A ball python (Sewer)
  A bat (D:2)
  A frilled lizard (D:1)
  A kobold zombie (Ossuary)
  2 rats
53 creatures vanquished.

Vanquished Creatures (others)
  A hexer (D:9)
  An ancestor (D:3)
  11 fungi (D:4)
  A plant (D:6)
14 creatures vanquished.

Grand Total: 247 creatures vanquished

Notes
Turn   | Place    | Note
-------+----------+-------------------------------------------
     0 | D:5      | donath the Demonspawn Delver began the quest for the Orb.
     0 | D:5      | Reached XP level 1. HP: 18/18 MP: 1/1
   116 | D:6      | Found Enwituta's Antique Armour Boutique.
   287 | D:6      | Found Pockia's Assorted Antiques.
   422 | D:6      | Noticed an ogre
   422 | D:6      | Noticed an iguana
   446 | D:6      | Found Ubeumixa's Weapon Shoppe.
   475 | D:6      | Noticed an ogre
   493 | D:6      | Found Oninuec's Antique Armour Shop.
   495 | D:6      | Noticed a hound
   560 | D:6      | Killed a hound
   561 | D:6      | Reached skill level 3 in Axes
   561 | D:6      | Gained mutation: You are surrounded by a mild repulsion
                  | field. (EV +2) [demonic ancestry]
   561 | D:6      | Reached XP level 2. HP: 24/24 MP: 2/2
   561 | D:6      | Gained mutation: You have a pair of small antennae on your
                  | head. [demonic ancestry]
   561 | D:6      | Reached XP level 3. HP: 29/29 MP: 3/3
   595 | D:6      | Learned a level 1 spell: Magic Dart
  1151 | D:5      | Noticed a black bear
  1211 | D:5      | Identified a scroll of acquirement
  1211 | D:5      | Acquired 601 gold pieces
  1294 | D:6      | Bought a scroll labelled JOMOUT FASTAN for 24 gold pieces
  1294 | D:6      | Bought 2 sedimented clear potions for 43 gold pieces
  1294 | D:6      | Bought a sedimented yellow potion for 21 gold pieces
  1294 | D:6      | Bought a scroll labelled QAKHIE OSUICS for 24 gold pieces
  1294 | D:6      | Bought a scroll labelled ARPHOS RED IZI for 24 gold pieces
  1294 | D:6      | Bought a fuming coppery potion for 21 gold pieces
  1294 | D:6      | Bought a scroll labelled HEABREF AXARA for 24 gold pieces
  1378 | D:6      | Found a hazy altar of Hepliaklqana.
  1428 | D:6      | Reached skill level 1 in Conjurations
  1434 | D:6      | Became a worshipper of Hepliaklqana the Forgotten
  1583 | D:5      | Noticed a phantom
  1650 | D:7      | Noticed a bullfrog
  1683 | D:7      | Killed a bullfrog
  1684 | D:7      | Reached XP level 4. HP: 16/35 MP: 4/4
  1713 | D:7      | Noticed a bullfrog
  1725 | D:7      | Noticed a bullfrog
  1737 | D:6      | Found Tifiniaf's Magic Scroll Shoppe.
  1865 | D:6      | Noticed a steam dragon
  1916 | D:6      | Bought 6 poisoned darts for 36 gold pieces
  1937 | D:6      | Bought a pair of embroidered boots for 157 gold pieces
  2060 | D:6      | Reached skill level 4 in Axes
  2108 | D:6      | Killed a bullfrog
  2109 | D:6      | Reached skill level 1 in Spellcasting
  2109 | D:6      | Gained mutation: You have a pair of antennae on your head.
                  | [demonic ancestry]
  2109 | D:6      | Reached XP level 5. HP: 35/41 MP: 4/6
  2170 | D:6      | HP: 2/41 [bullfrog (7)]
  2550 | D:7      | Reached skill level 5 in Axes
  2602 | D:7      | Gained mutation: You may rarely emit foul miasma when
                  | damaged in melee. [demonic ancestry]
  2602 | D:7      | Reached XP level 6. HP: 18/47 MP: 7/7
  2723 | D:7      | Reached skill level 1 in Short Blades
  2763 | D:7      | Noticed a hornet
  2977 | D:5      | Found an iron altar of Okawaru.
  3120 | D:5      | Reached skill level 1 in Shields
  3120 | D:5      | Reached skill level 1 in Evocations
  3120 | D:5      | Gained mutation: Spells you cast may paralyse adjacent
                  | enemies. [demonic ancestry]
  3120 | D:5      | Reached XP level 7. HP: 49/52 MP: 8/8
  3181 | D:5      | Reached skill level 1 in Long Blades
  3612 | D:5      | Reached skill level 6 in Axes
  3612 | D:5      | Reached skill level 1 in Fire Magic
  3740 | D:5      | Reached XP level 8. HP: 59/60 MP: 3/10
  3822 | D:5      | Found a shimmering altar of Xom.
  4137 | D:5      | Reached skill level 5 in Fighting
  4221 | D:4      | Reached skill level 1 in Throwing
  4427 | D:4      | Found a sand-covered staircase.
  4450 | D:4      | Learned a level 2 spell: Call Imp
  4451 | Ossuary  | Entered an ossuary
  4505 | Ossuary  | Reached skill level 1 in Summonings
  4730 | Ossuary  | Reached * piety under Hepliaklqana
  5027 | D:4      | Reached skill level 7 in Axes
  5362 | D:4      | Found a sparkling altar of Nemelex Xobeh.
  5669 | D:3      | Identified the ring "Evirhot" {rPois rN+}
  6007 | D:3      | Found a glowing drain.
  6019 | Sewer    | Entered a sewer
  6156 | Sewer    | Gained mutation: You have a pair of large antennae on your
                  | head. (SInv) [demonic ancestry]
  6156 | Sewer    | Reached XP level 9. HP: 52/61 MP: 9/12
  6176 | Sewer    | Found a viscous altar of Jiyva.
  6347 | D:3      | Found a runed translucent door.
  6353 | D:3      | Found a basalt altar of Yredelemnul.
  7394 | D:2      | Reached skill level 8 in Axes
  7494 | D:2      | Noticed Natasha
  7500 | D:2      | Killed Natasha
  7525 | D:2      | Reached ** piety under Hepliaklqana
  7526 | D:2      | Remembered your ancestor Xanthippe as a hexer
  7704 | D:2      | Noticed Natasha
  7712 | D:2      | Killed Natasha
  7790 | D:2      | Noticed Natasha
  7803 | D:2      | Killed Natasha
  7960 | D:2      | Found a runed translucent door.
  7961 | D:2      | Noticed Crazy Yiuf
  7969 | D:2      | Killed Crazy Yiuf
  7988 | D:2      | Gained mutation: Your movements are slightly less
                  | encumbered by armour. (ER -2) [potion of mutation]
  7988 | D:2      | Gained mutation: Your system is resistant to poisons.
                  | (rPois) [potion of mutation]
  8143 | D:1      | Found a faded altar of an unknown god.
  8283 | D:1      | Found Aroq's Distillery.
  8660 | D:6      | Bought a +3 vampiric battleaxe for 547 gold pieces
  8681 | D:6      | Found a hide-covered altar of Uskayaw.
  8773 | D:7      | Found a staircase to the Ecumenical Temple.
  8789 | Temple   | Entered the Ecumenical Temple
  9234 | D:8      | Reached skill level 9 in Axes
  9283 | D:8      | Gained mutation: You sometimes emit foul miasma when
                  | damaged in melee. [demonic ancestry]
  9283 | D:8      | Reached XP level 10. HP: 66/71 MP: 14/14
  9377 | D:8      | Found a runed translucent gate.
  9377 | D:8      | Found a runed translucent gate.
  9377 | D:8      | Found a runed translucent gate.
  9379 | D:8      | Noticed Wiilli's ghost (novice SpVM)
  9643 | D:8      | Noticed a deep elf pyromancer
  9650 | D:8      | Killed a deep elf pyromancer
  9704 | D:8      | Learned a level 3 spell: Mephitic Cloud
  9706 | D:8      | Found a viscous altar of Jiyva.
  9736 | D:8      | Killed Wiilli's ghost
  9737 | D:8      | Reached skill level 1 in Air Magic
  9763 | D:8      | Reached skill level 1 in Armour
  9763 | D:8      | Reached skill level 1 in Transmutations
  9827 | D:9      | Noticed a two-headed ogre
  9847 | D:9      | Killed a two-headed ogre
  9885 | D:9      | Noticed a six-headed hydra
  9896 | D:9      | Slain by an 11-headed hydra

Illustrated notes

Levels and vault maps discovered:
D:1:      minmay_arrival_doors, layout_rooms,
          hellmonk_ecumenical_altar_crossroads, serial_shops, shop_statue
D:2:      layout_loops_ring, uniq_crazy_yiuf_cottage, uniq_natasha
D:3:      layout_loops_corners, dk_yredelemnul_ordeal, lightli_sewer_entry_pipes
D:4:      layout_loops_ring, mainiacjoe_overflow_cross_hatched,
          chequers_ossuary_entry_cave, lightli_corner_chamber
D:5:      minmay_angry_zag, layout_basic, xom_teletrap_fun, okawaru_trees_2
D:6:      layout_gridville, nicolae_hepliaklqana_monster_ancestors,
          nicolae_uskayaw_murder_on_the_dancefloor, serial_shops, shop, shop,
          nicolae_shop_overgrown_old_shop, nicolae_shop_hallway_plus,
          nicolae_shop_hallway_stairs
D:7:      layout_rooms, temple_fountains
D:8:      layout_rooms, gammafunk_ghost_ooze, minmay_three_doors
D:9:      kennysheep_steamy, layout_basic, enter_bailey_2, st_stairs_10,
          roderic_roman_lattice, dreamdust_wishing_well,
          eino_small_chamber_without_monster, hellmonk_guarded_unrand_gong,
          uniq_erica
Temple:   nicolae_temple_elliptical

Skill      XL: |  1  2  3  4  5  6  7  8  9 10 |
---------------+-------------------------------+-----
Axes           | 3 4 5 6 7 9 |  9.6
Dodging        | 2 3 4 |  4.0
Conjurations   | 2 3 |  3.7
Spellcasting   | 1 2 3 |  3.9
Short Blades   | 2 |  2.0
Shields        | 1 |  1.1
Evocations     | 1 3 4 |  4.0
Long Blades    | 1 |  1.0
Fighting       | 4 5 7 |  7.1
Fire Magic     | 1 |  1.3
Throwing       | 1 |  1.0
Summonings     | 2 3 |  3.0
Air Magic      | 1 |  1.0
Poison Magic   | 2 |  2.0
Armour         | 1 |  1.0
Transmutations | 2 |  2.5
Slings         | |  0.2
Stealth        | |  4.5
Ice Magic      | |  0.1

Action                   |  1- 3 |  4- 6 |  7- 9 | 10-12 || total
-------------------------+-------+-------+-------+-------++-------
Melee: Hand axe          |    34 |    40 |   363 |       ||   437
       Punch             |     1 |       |     6 |       ||     7
       Short sword       |       |    32 |   139 |       ||   171
       Battleaxe         |       |       |    26 |    44 ||    70
 Fire: Hunting sling     |       |       |    13 |     2 ||    15
Throw: Stone             |     7 |       |     7 |     1 ||    15
       Dart              |     2 |    16 |     8 |       ||    26
 Cast: Magic Dart        |     6 |     7 |    98 |    23 ||   134
       Call Imp          |       |       |    11 |     3 ||    14
Invok: Ancestor Identity |       |       |     1 |       ||     1
       Ancestor Life: He |       |       |     1 |       ||     1
Evoke: Wand              |     1 |     3 |     2 |       ||     6
       Piece from Xom's  |       |       |       |     1 ||     1
  Use: Scroll            |     2 |     1 |    11 |     4 ||    18
       Potion            |       |     5 |     4 |       ||     9
 Stab: Sleeping          |       |     3 |    27 |       ||    30
       Paralysed         |       |       |    32 |       ||    32
       Distracted        |       |       |     3 |     3 ||     6
       Confused          |       |       |     2 |     1 ||     3
Armor: Leather armour    |     5 |    22 |   105 |    18 ||   150
       Skin              |       |    16 |       |       ||    16
Dodge: Dodged            |    20 |    53 |   271 |    45 ||   389
Block: Other             |       |     7 |    83 |    16 ||   106
       Reflection        |       |       |     1 |       ||     1

Table legend: (Time is in decaauts)
 A = Elapsed time spent in this place.
 B = Non-inter-level travel time spent in this place.
 C = Inter-level travel time spent in this place.
 D = Time resting spent in this place.
 E = Time spent auto-exploring this place.
 F = Levels seen in this place.
 G = Mean time per level.
                   A        B        C        D        E       F      G
               +--------+--------+--------+--------+--------+-----+--------+
         Total |  10010 |   9718 |    292 |    766 |   1979 |  12 |  834.2 |
       Dungeon |   9199 |   8907 |    292 |    766 |   1868 |   9 | 1022.1 |
        Temple |    178 |    178 |      0 |      0 |    111 |   1 |  178.0 |
         Sewer |    298 |    298 |      0 |      0 |      0 |   1 |  298.0 |
       Ossuary |    333 |    333 |      0 |      0 |      0 |   1 |  333.0 |
               +--------+--------+--------+--------+--------+-----+--------+

Top non-repeatable levels by time:
     D:6: 2282 daAuts
     D:5: 1435 daAuts
     D:3: 1332 daAuts
     D:4: 1147 daAuts
     D:7: 828 daAuts
     D:2: 791 daAuts
     D:8: 790 daAuts
     D:1: 502 daAuts
 Ossuary: 333 daAuts
   Sewer: 298 daAuts
  Temple: 178 daAuts
     D:9: 88 daAuts
